 Dungeon Crawl Stone Soup version 0.28.0-49-g6dfe1f597d (webtiles) character file.

Game seed: 13010199546981058706

13893 Gabide the Carver (level 11, -6/75 HPs)
             Began as a Mummy Enchanter on May 15, 2022.
             Was a Believer of Sif Muna.
             Hit by a stone thrown by a tengu warrior (16 damage)
             ... led by a tengu warrior
             ... on level 11 of the Dungeon.
             The game lasted 00:43:42 (14855 turns).

Gabide the Carver (Mummy Enchanter)                Turns: 14855, Time: 00:43:43

Health: -6/75      AC: 14    Str: 18    XL:     11   Next: 81%
Magic:  4/20       EV: 11    Int: 14    God:    Sif Muna [**....]
Gold:   690        SH:  5    Dex: 14    Spells: 14/22 levels left

rFire   . . .      SeeInvis .   C - +0 great sword (protect)
rCold   + + .      Faith    .   (shield currently unavailable)
rNeg    + + +      Spirit   .   v - +4 ring mail of Demonic Fun {+Blink rF+ Str-3 Stlth+}
rPois   ∞          Reflect  +   m - +2 hat
rElec   .          Harm     .   (no cloak)
rCorr   .          Rampage  .   (no gloves)
Will    +....                   i - +2 pair of boots
Stlth   ++........              e - amulet of reflection
HPRegen 0.22/turn               l - +6 ring of strength
MPRegen 0.17/turn               h - ring of protection from cold

@: about to teleport
A: cold resistance 1, negative energy resistance 3, torment resistance 2, heat
vulnerability 1, no potions
a: Renounce Religion, Evoke Blink, Channel Magic


You were on level 11 of the Dungeon.
You worshipped Sif Muna.
Sif Muna was pleased with you.
You visited 2 branches of the dungeon, and saw 12 of its levels.

You collected 690 gold pieces.

Inventory:

Hand Weapons
 a - a +1 dagger
 b - a +3 falchion of protection
 o - the +4 whip "Killer Klown's Foe" {vorpal, rF+}
   (You found it on level 7 of the Dungeon)

   It inflicts extra damage upon your enemies.
   rF:        It protects you from fire.
 C - a +0 great sword of protection (weapon)
Missiles
 f - 2 javelins (quivered)
Armour
 i - a +2 pair of boots (worn)
 m - a +2 hat (worn)
 v - the +4 ring mail of Demonic Fun (worn) {+Blink rF+ Str-3 Stlth+}
   (You found it on level 6 of the Dungeon)

   Str:       It affects your strength (-3).
   rF:        It protects you from fire.
   +Blink:    It lets you blink.
   Stlth:     It makes you more stealthy.
Magical Staves
 k - a staff of death
Jewellery
 e - an amulet of reflection (around neck)
 h - a ring of protection from cold (right hand)
 l - a +6 ring of strength (left hand)
 z - an amulet of regeneration
Wands
 n - a wand of polymorph (7)
 p - a wand of charming (6)
 q - a wand of iceblast (13)
 w - a wand of digging (15)
Scrolls
 c - 2 scrolls of fog
 d - a scroll of immolation
 g - a scroll of identify
 j - a scroll of teleportation
 r - 3 scrolls of silence
 s - 4 scrolls of magic mapping
 t - a scroll of amnesia
 y - a scroll of noise
 A - 2 scrolls of vulnerability


   Skills:
 - Level 3.0 Fighting
 - Level 0.7(9.0) Short Blades
 + Level 14.0 Long Blades
 - Level 0.2 Maces & Flails
 - Level 3.0 Armour
 - Level 3.0 Dodging
 - Level 2.4 Stealth
 - Level 6.0 Spellcasting
 - Level 6.0 Hexes


You had 14 spell levels left.
You knew the following spells:

 Your Spells              Type           Power      Damage    Failure   Level
a - Ensorcelled Hibernat  Hex/Ice        24%        N/A       12%         2
b - Confusing Touch       Hex            21%        N/A       7%          3
c - Tukima's Dance        Hex            21%        N/A       7%          3

Your spell library contained the following spells:

 Spells                   Type           Power      Damage    Failure   Level
 Dazzling Flash           Conj/Hex       24%        N/A       24%         3
 Passwall                 Tmut/Erth      3%         N/A       38%         2
 Static Discharge         Conj/Air       4%         N/A       38%         2
 Ozocubu's Armour         Ice            4%         N/A       63%         3
 Swiftness                Air            4%         N/A       63%         3
 Metabolic Englaciation   Hex/Ice        6%         N/A       91%         5
 Dispel Undead            Necr           4%         3d7       95%         4
 Sticky Flame             Conj/Fire      4%         2d3       95%         4
 Simulacrum               Ice/Necr       2%         N/A       100%        6


Dungeon Overview and Level Annotations

Branches:
Dungeon (11/15)            Temple (1/1) D:6            Lair (0/6) D:10
    Orc (0/2) D:11

Altars:
Ashenzari
Cheibriados
Dithmenos
Elyvilon
Fedhas
Gozag
Hepliaklqana
Kikubaaqudgha
Makhleb
Nemelex Xobeh
Okawaru
Qazlal
Ru
Sif Muna
Trog
Uskayaw
Vehumet
Wu Jian
Xom
Yredelemnul
Zin
The Shining One

Shops:
D:5 !

Annotations:
D:3 3 runed translucent doors, Allula97's ghost, amateur DsMo; Ebobla's ghost, amateur DsNe; jaiteiro's ghost, amateur SpCj
D:4 3 runed translucent doors, Peloso's ghost, amateur MiFi


Innate Abilities, Weirdness & Mutations

You are immune to poison.
Your flesh is cold resistant. (rC+)
You are immune to negative energy. (rN+++)
You are immune to unholy pain and torment.
You are vulnerable to heat. (rF-)
You do not drink.


Message History

Aim: a tengu warrior, wielding a +0 great sword, wearing a +0 ring mail and quivering stones (lightly wounded, 50% to hit)
The bolt of acid misses the tengu warrior.
The now-empty wand crumbles to dust.
You miss the tengu warrior.
The tengu warrior is lightly wounded.
The tengu warrior misses you. The tengu warrior barely misses you.
The tengu warrior claws you but does no damage.
You barely miss the tengu warrior.
The tengu warrior is lightly wounded.
The tengu warrior misses you. x2; The tengu warrior closely misses you.
You closely miss the tengu warrior.
The tengu warrior is lightly wounded.
The tengu warrior hits you with a +0 great sword!
The tengu warrior closely misses you.
The tengu warrior claws you but does no damage.
You closely miss the tengu warrior.
The tengu warrior is lightly wounded.
The tengu warrior closely misses you.
The tengu warrior pecks you but does no damage.
The tengu warrior claws you but does no damage.
You closely miss the tengu warrior.
The tengu warrior is lightly wounded.
The tengu warrior hits you with a +0 great sword!!
The tengu warrior barely misses you.
The tengu warrior claws you but does no damage.
You closely miss the tengu warrior.
The tengu warrior is lightly wounded.
The tengu warrior hits you with a +0 great sword!
* * * LOW HITPOINT WARNING * * *
The tengu warrior pecks you but does no damage.
The tengu warrior claws you but does no damage.
As you read the scroll of teleportation, it crumbles to dust.
You feel strangely unstable.
The tengu warrior hits you but does no damage.
You block the tengu warrior's attack.
The tengu warrior claws you but does no damage.
The tengu warrior throws a stone.
The stone hits you!
* * * LOW HITPOINT WARNING * * *
The tengu warrior throws a stone.
The stone hits you!
You die...

#....##+#####+##'######
#......................
#......................
#......................
#.####################.
#..##.###.##.#########.
##)Q#..# #.#........##.
#..)..####..###.#^.#...
#...#.@#)....#.#....##.
###...#.##.##..##.#####
#.##.))#..##.......#.
#..#.)#$#.#...###..##.
#...#..#...###.# ####.
###.##..##..#.#.# #.
#...#. #.... .# #. #
.#.>.##..# #. .. ## .#
#.


You could see a tengu warrior.

Vanquished Creatures
  A boulder beetle (D:11)
  Erica (D:9)
  A tengu warrior (D:11)
  2 two-headed ogres
  Pikel (D:4)
  2 dancing weapons
  A komodo dragon (D:10)
  2 trolls
  Prince Ribbit (D:5)
  A hornet (D:5)
  A vampire (D:11)
  2 shadows (D:10)
  18 yaks
  2 wyverns (D:10)
  2 basilisks (D:10)
  A warg (D:11)
  An acid dragon (D:11)
  A water moccasin (D:5)
  3 orc warriors
  3 sky beasts
  An ice beast (D:6)
  3 centaurs
  3 bullfrogs
  3 gnoll sergeants
  2 wyvern zombies
  12 killer bees
  A wight (D:9)
  A howler monkey (D:11)
  6 centaur zombies
  2 bullfrog zombies
  3 hounds
  2 jellies
  A centaur skeleton (D:5)
  An iguana (D:5)
  4 orc priests
  2 orc wizards
  A killer bee zombie (D:7)
  3 hound skeletons
  A howler monkey zombie (D:9)
  11 adders
  5 gnolls
  A white imp (D:8)
  5 dart slugs
  A worm (D:2)
  17 orcs
  6 ball pythons
  7 bats
  7 endoplasms
  2 giant cockroaches
  11 goblins
  4 hobgoblins
  6 jackals
  6 kobolds
  A quokka (D:3)
  A frilled lizard (D:1)
  8 rats
198 creatures vanquished.

Vanquished Creatures (collateral kills)
  2 tengu warriors (D:11)
  A two-headed ogre (D:9)
  A komodo dragon (D:10)
  A basilisk (D:10)
  A steam dragon (D:10)
  An ogre (D:6)
  An orc wizard (D:9)
  2 gnolls
  4 orcs
14 creatures vanquished.

Vanquished Creatures (others)
  8 dancing weapons
  A fungus (D:4)
  35 plants
  4 withered plants (D:3)
48 creatures vanquished.

Grand Total: 260 creatures vanquished

Notes
Turn   | Place    | Note
-------+----------+-------------------------------------------
     0 | D:1      | Gabide the Mummy Enchanter began the quest for the Orb.
     0 | D:1      | Reached XP level 1. HP: 13/13 MP: 4/4
   176 | D:1      | Reached XP level 2. HP: 12/20 MP: 5/5
   397 | D:1      | Learned a level 2 spell: Ensorcelled Hibernation
   480 | D:1      | Reached skill level 1 in Fighting
   796 | D:1      | Found a faded altar of an unknown god.
  1083 | D:2      | Reached XP level 3. HP: 20/26 MP: 7/7
  1372 | D:2      | Learned a level 3 spell: Confusing Touch
  1406 | D:2      | Reached skill level 1 in Armour
  2008 | D:3      | Noticed Allula97's ghost (amateur DsMo)
  2008 | D:3      | Noticed Ebobla's ghost (amateur DsNe)
  2008 | D:3      | Found a runed translucent gate.
  2008 | D:3      | Found a runed translucent gate.
  2008 | D:3      | Found a runed translucent gate.
  2011 | D:3      | Noticed jaiteiro's ghost (amateur SpCj)
  2027 | D:3      | Reached XP level 4. HP: 22/33 MP: 8/8
  2221 | D:3      | Reached XP level 5. HP: 29/38 MP: 9/9
  2867 | D:4      | Found a runed translucent gate.
  2867 | D:4      | Found a runed translucent gate.
  2867 | D:4      | Found a runed translucent gate.
  2869 | D:4      | Noticed Peloso's ghost (amateur MiFi)
  3672 | D:4      | Noticed a lemure
  3672 | D:4      | Noticed a lemure
  3673 | D:4      | Noticed a lemure
  3674 | D:4      | Noticed Pikel
  3677 | D:4      | Noticed a lemure
  3696 | D:4      | Killed Pikel
  3697 | D:4      | Reached XP level 6. HP: 10/47 MP: 10/13
  3697 | D:4      | Reached XP level 7. HP: 12/52 MP: 10/14
  4015 | D:4      | Learned a level 3 spell: Tukima's Dance
  4046 | D:5      | Entered Level 5 of the Dungeon
  4067 | D:5      | Noticed Prince Ribbit
  4075 | D:5      | Killed Prince Ribbit
  4076 | D:5      | Reached skill level 5 in Spellcasting
  4076 | D:5      | Reached skill level 5 in Hexes
  4167 | D:5      | Found Wuxkihoa's Distillery.
  4169 | D:5      | Noticed a hornet
  4193 | D:5      | Killed a hornet
  4194 | D:5      | Reached XP level 8. HP: 21/58 MP: 9/17
  4653 | D:5      | Reached skill level 1 in Long Blades
  4883 | D:5      | Reached skill level 2 in Long Blades
  4946 | D:5      | Found an opulent altar of Gozag.
  5699 | D:5      | Reached skill level 3 in Long Blades
  5860 | D:5      | Reached skill level 4 in Long Blades
  6455 | D:6      | Reached skill level 5 in Long Blades
  6487 | D:6      | Found a basalt altar of Yredelemnul.
  6499 | D:6      | Found a burning altar of Makhleb.
  6643 | D:6      | Reached XP level 9. HP: 27/63 MP: 15/18
  6928 | D:6      | Identified the +4 ring mail of Demonic Fun {+Blink rF+
                  | Str-3 Stlth+}
  7096 | D:6      | Found a staircase to the Ecumenical Temple.
  7106 | Temple   | Entered the Ecumenical Temple
  7144 | Temple   | Became a worshipper of Sif Muna the Loreminder
  7414 | D:7      | Reached skill level 6 in Long Blades
  7595 | D:7      | Noticed a two-headed ogre
  7613 | D:7      | Killed a two-headed ogre
  7614 | D:7      | Reached skill level 7 in Long Blades
  7766 | D:7      | Identified the +4 whip "Killer Klown's Foe" {vorpal, rF+}
  7790 | D:7      | Found a broken altar of Ashenzari.
  8207 | D:8      | Reached skill level 8 in Long Blades
  8679 | D:8      | Reached skill level 9 in Long Blades
  8691 | D:8      | Reached XP level 10. HP: 49/70 MP: 5/19
  8934 | D:8      | Found a shimmering altar of Xom.
  9746 | D:9      | Reached skill level 10 in Long Blades
  9755 | D:9      | Reached * piety under Sif Muna
 10217 | D:9      | Noticed Erica
 10234 | D:9      | Killed Erica
 10327 | D:9      | Noticed a two-headed ogre
 10342 | D:9      | Killed a two-headed ogre
 10343 | D:9      | Reached skill level 11 in Long Blades
 11376 | D:10     | Entered Level 10 of the Dungeon
 11790 | D:10     | Reached XP level 11. HP: 75/75 MP: 20/20
 11936 | D:10     | Reached skill level 12 in Long Blades
 13081 | D:10     | Found a staircase to the Lair.
 13374 | D:11     | Noticed a boulder beetle
 13413 | D:11     | Killed a boulder beetle
 13532 | D:11     | Reached skill level 13 in Long Blades
 13554 | D:11     | Noticed a tengu warrior
 13555 | D:11     | Noticed a tengu warrior
 13563 | D:11     | Killed a tengu warrior
 13604 | D:11     | Killed a tengu warrior
 13866 | D:11     | Noticed a two-headed ogre
 14359 | D:10     | Killed a two-headed ogre
 14482 | D:11     | Reached ** piety under Sif Muna
 14499 | D:11     | Noticed a tengu warrior
 14506 | D:11     | Noticed a tengu warrior
 14815 | D:11     | Found a staircase to the Orcish Mines.
 14838 | D:11     | Killed a tengu warrior
 14839 | D:11     | Reached skill level 14 in Long Blades
 14855 | D:11     | Hit by a stone thrown by a tengu warrior

Illustrated notes

Levels and vault maps discovered:
D:1:      dpeg_arrival_connections, layout_basic,
          shapermc_ecumenical_altar_mp_ritualfount, minivault_25, st_stairs_4,
          nrook_mini_backslash
D:2:      minmay_general_purpose_star, layout_loops_ring, minmay_tetromino_l4
D:3:      layout_rooms, gammafunk_ghost_cemetery, minmay_diced_spiral
D:4:      layout_loops_ring, gammafunk_ghost_nasty_kobolds, serial_bayou_pond_a,
          uniq_pikel
D:5:      layout_basic, lemuel_round_altar, serial_bayou, serial_bayou_lagoon_a,
          serial_bayou_lake_a, serial_bayou_pond_a, serial_bayou_pond_d,
          serial_bayou_pond_d, serial_bayou_shore_b, serial_shops, shop,
          hangedman_decor_riveting, uniq_prince_ribbit1
D:6:      layout_cave_pools, lemuel_crystal_altar,
          mainiacjoe_overflow_tiny_flanked, minmay_temple_entry_statues
D:7:      layout_rooms, lemuel_coloured_pillars_altar
D:8:      layout_rooms, gammafunk_temple_overflow_pools
D:9:      layout_stronghold, sword_in_stone, uniq_erica
D:10:     layout_irregular_city, erik_lair_dragon
D:11:     fort_yaktaur, layout_gridville, erik_orc_3
Temple:   nicolae_temple_elliptical

Skill      XL: |  1  2  3  4  5  6  7  8  9 10 11 |
---------------+----------------------------------+-----
Fighting       | 1 2 3 |  3.0
Dodging        | 2 3 |  3.0
Spellcasting   | 3 4 6 |  6.0
Armour         | 1 3 |  3.0
Hexes          | 3 4 5 6 |  6.0
Long Blades    | 5 9 11 14 | 14.0
Short Blades   | |  0.7
Maces & Flails | |  0.2
Stealth        | |  2.4

Action                   |  1- 3 |  4- 6 |  7- 9 | 10-12 || total
-------------------------+-------+-------+-------+-------++-------
Melee: Dagger            |    20 |       |       |     5 ||    25
       Spear             |    52 |       |       |       ||    52
       Falchion          |    73 |   149 |   390 |   189 ||   801
       Punch             |     1 |     2 |     5 |     6 ||    14
       Great sword       |       |       |       |   244 ||   244
Throw: Javelin           |       |       |    10 |     6 ||    16
 Cast: Ensorcelled Hiber |     1 |       |     4 |     6 ||    11
       Confusing Touch   |       |       |    31 |    32 ||    63
       Tukima's Dance    |       |       |    16 |    39 ||    55
Evoke: Wand              |       |     6 |     8 |     9 ||    23
  Use: Scroll            |     2 |     1 |    11 |    16 ||    30
 Stab: Sleeping          |     9 |     5 |     2 |     7 ||    23
       Confused          |       |       |    22 |    25 ||    47
       Distracted        |       |       |       |     3 ||     3
Armor: Robe              |     4 |       |       |       ||     4
       Leather armour    |    47 |    75 |     6 |       ||   128
       Ring mail         |       |       |   271 |   217 ||   488
Dodge: Dodged            |   103 |   120 |   311 |   200 ||   734
Block: Other             |       |       |    25 |    89 ||   114
       Reflection        |       |       |       |     3 ||     3
